 Dungeon Crawl Stone Soup version 0.30-b1-2-g02819fbbbe (webtiles) character file.

Game seed: 14002147274122302146

494 Flugkiller the Trooper (level 6, -13/57 HPs)
             Began as a Minotaur Fighter on May 8, 2023.
             Was a Follower of Cheibriados.
             Mangled by an ogre
             ... wielding a +0 giant club
              (23 damage)
             ... on level 5 of the Dungeon.
             The game lasted 00:02:03 (3630 turns).

Flugkiller the Trooper (Minotaur Fighter)           Turns: 3630, Time: 00:02:03

Health: -13/57     AC:  8    Str: 24    XL:     6   Next: 92%
Magic:  0/5        EV:  9    Int:  7    God:    Cheibriados [*.....]
Gold:   249        SH:  5    Dex: 12    Spells: 5/5 levels left

rFire   . . .        a - +0 war axe
rCold   . . .        c - +0 buckler
rNeg    . . .        b - +0 scale mail
rPois   .            (helmet restricted)
rElec   .            (no cloak)
rCorr   .            q - +0 pair of gloves
SInv    .            (no boots)
Will    .....        k - amulet of guardian spirit Stlth
                     (no ring)
HPRegen 0.29/turn    (no ring)
MPRegen 0.09/turn

%: guardian spirit
@: very slow
A: horns 2, retaliatory headbutt
a: Renounce Religion, Bend Time


You were on level 5 of the Dungeon.
You worshipped Cheibriados.
Cheibriados was aware of your devotion.
You visited 2 branches of the dungeon, and saw 6 of its levels.

You collected 249 gold pieces.

Inventory:

Hand Weapons
 a - a +0 war axe (weapon)
Armour
 b - a +0 scale mail (worn)
 c - a +0 buckler (worn)
 q - a +0 pair of gloves (worn)
   (You found it on level 3 of the Dungeon)
Jewellery
 k - an amulet of guardian spirit (around neck)
   (You found it on level 2 of the Dungeon)
Scrolls
 l - a scroll of magic mapping
 t - 3 scrolls of teleportation
 z - a scroll of blinking
Potions
 d - 2 potions of might
 e - a potion of mutation {unknown}
 f - a potion of magic {unknown}


   Skills:
 * Level 5.9 Fighting
 * Level 5.1 Axes
 * Level 5.7 Armour
 + Level 4.8 Shields
 + Level 0.9 Invocations


You had 5 spell levels left.
You didn't know any spells.
Your spell library was empty.

Dungeon Overview and Level Annotations

Branches:
Dungeon (5/15)             Temple (1/1) D:4

Altars:
Cheibriados
Gozag
Nemelex Xobeh
Qazlal
Ru
Trog
Xom
The Shining One

Shops:
D:5 (

Annotations:
D:3 2 transporters, MrCrawl's ghost, amateur DsNe


Innate Abilities, Weirdness & Mutations

You have a pair of horns on your head.
You reflexively headbutt those who attack you in melee.


Message History

The orc throws a boomerang.
You block the boomerang.
The orc priest hits you but does no damage.
Items here: )) ††.
You slash the orc priest!
The orc priest is almost dead.
The orc priest hits you with a +0 whip.
You slash the orc priest!
You kill the orc priest!
Cheibriados appreciates the change of pace.
You closely miss the orc. You block the orc's attack.
The orc hits you with a +0 club. The orc barely misses you.
Things that are here:
a +0 whip; an orc corpse You slash the orc!
You kill the orc!
Cheibriados appreciates the change of pace.
No target in view!
No target in view!
Magic restored.
HP restored.
Found Oppa's Hydra Hut.
The six-headed hydra roars!
There is an entrance to Oppa's Hydra Hut here.
A quokka comes into view.
You see here a scroll of teleportation.
A quokka is nearby!
A quokka is nearby!
A quokka is nearby!
The quokka closely misses you.
You barely miss the quokka. Your headbutt misses the quokka.
The quokka bites you but does no damage.
The quokka closely misses you. You furiously retaliate!
You headbutt the quokka. You slash the quokka!
You kill the quokka!
Cheibriados appreciates the change of pace.
No target in view!
No target in view!
t - 2 scrolls of teleportation (gained 1)
t - 3 scrolls of teleportation (gained 1)
z - a scroll of blinking
Found a scroll of noise.
A white imp comes into view.
A white imp is nearby!
The white imp gestures at you. You block the puff of frost.
The white imp hits you. The white imp freezes you.
You closely miss the white imp. You headbutt the white imp!
The white imp is severely wounded.
The white imp barely misses you. You block the white imp's attack.
You slash the white imp!
You kill the white imp!
Cheibriados appreciates the change of pace.
No target in view!
No target in view!
No target in view!
No target in view!
You see here a scroll of noise.
You now have 249 gold pieces (gained 11).
Found a stone staircase leading down.
Found a chain mail.
e - an inky potion
f - a dark potion No target in view!
No target in view!
No target in view!
No target in view!
No target in view!
An ogre comes into view. It is wielding a +0 giant club.
The ogre shouts!
You hear a shout!
An orc wizard comes into view. It is wielding a +0 dagger.
There are monsters nearby!
There are monsters nearby!
There are monsters nearby!
The orc wizard shouts!
You hear a shout!
The orc wizard gestures at you while chanting.
You resist with some effort.
An orc comes into view. It is wielding a +0 mace.
The orc shouts!
You hear a shout! x2
The ogre hits you with a +0 giant club!!
You closely miss the ogre. You headbutt the ogre!
The ogre is heavily wounded.
The teleport trap disappears.
The orc wizard disappears!
The orc wizard casts a spell.
The orc wizard flickers and vanishes!
Deactivating autopickup; reactivate with Ctrl-A.
The ogre hits you with a +0 giant club!!
Ouch! That really hurt!
* * * LOW HITPOINT WARNING * * *
An orc comes into view. It is wielding a +0 club.
You are too injured to fight recklessly!
You are too injured to fight recklessly!
You are too injured to fight recklessly!
You are too injured to fight recklessly!
You are too injured to fight recklessly!
You are too injured to fight recklessly!
You hit the ogre.
The ogre is heavily wounded.
The ogre hits you with a +0 giant club!!
You die...

#..................
####......###....##
#.#...## #.##.###
#.##...# #.....##
#####..+ #.## #@#
#O# ... o..## #..##
#.# #o §.


You could see an ogre and 2 orcs.

Vanquished Creatures
  An ogre (D:5)
  A phantom (D:3)
  2 orc priests
  Jessica (D:2)
  Natasha (D:2)
  An orc wizard (D:4)
  4 gnolls (D:2)
  7 adders
  A white imp (D:5)
  An ufetubus (D:4)
  A dart slug (D:2)
  8 orcs
  7 ball pythons
  3 bats
  7 endoplasms
  4 giant cockroaches
  5 goblins
  4 hobgoblins
  7 jackals
  6 quokkas
  4 frilled lizards
  8 kobolds
  6 rats
90 creatures vanquished.

Vanquished Creatures (others)
  A plant (D:5)
1 creature vanquished.

Grand Total: 91 creatures vanquished

Notes
Turn   | Place    | Note
-------+----------+-------------------------------------------
     0 | D:1      | Flugkiller the Minotaur Fighter began the quest for the
                  | Orb.
     0 | D:1      | Reached XP level 1. HP: 19/19 MP: 0/0
   142 | D:1      | Reached XP level 2. HP: 27/27 MP: 1/1
   393 | D:2      | Noticed Jessica
   400 | D:2      | Killed Jessica
   401 | D:2      | Reached XP level 3. HP: 31/33 MP: 2/2
   800 | D:2      | Reached XP level 4. HP: 41/41 MP: 3/3
  1096 | D:2      | Noticed Natasha
  1098 | D:2      | Killed Natasha
  1196 | D:2      | Reached XP level 5. HP: 37/47 MP: 4/4
  1346 | D:3      | Found a transporter.
  1350 | D:3      | Found a transporter.
  1379 | D:3      | Noticed MrCrawl's ghost (amateur DsNe)
  1381 | D:3      | Noticed a phantom
  1389 | D:3      | Killed a phantom
  1390 | D:3      | Reached skill level 5 in Fighting
  1390 | D:3      | Reached skill level 5 in Armour
  1661 | D:3      | Reached XP level 6. HP: 56/56 MP: 5/5
  1939 | D:3      | Found a faded altar of an unknown god.
  2311 | D:4      | Found a staircase to the Ecumenical Temple.
  2326 | Temple   | Entered the Ecumenical Temple
  2354 | Temple   | Became a worshipper of Cheibriados the Contemplative
  3374 | D:5      | Entered Level 5 of the Dungeon
  3390 | D:5      | Found an opulent altar of Gozag.
  3390 | D:5      | Found a sparkling altar of Nemelex Xobeh.
  3397 | D:5      | Found a faded altar of an unknown god.
  3399 | D:5      | Found a glowing golden altar of the Shining One.
  3401 | D:5      | Found a faded altar of an unknown god.
  3443 | D:5      | Reached skill level 5 in Axes
  3443 | D:5      | Reached * piety under Cheibriados
  3542 | D:5      | Found Oppa's Hydra Hut.
  3547 | D:5      | Noticed a six-headed hydra
  3630 | D:5      | Mangled by an ogre

Illustrated notes

Levels and vault maps discovered:
D:1:      dpeg_arrival_rooms_a, layout_rooms, nrook_loot_triangle
D:2:      layout_loops_corners, uniq_jessica, uniq_natasha
D:3:      layout_loops_corners, gammafunk_ghost_arena,
          ebering_ecumenical_altar_abandoned
D:4:      layout_basic, minmay_temple_entry_grid, st_stairs_13
D:5:      layout_loops_ring, mainiacjoe_overflow_24_doors, lemuel_tele_altar,
          chequers_temple_overflow_minitemple, doesnt_shop_hydraphobe,
          uniq_prince_ribbit1
Temple:   regret_index_temple_waves

Skill      XL: |  1  2  3  4  5  6 |
---------------+-------------------+-----
Fighting       | 4 5 |  5.9
Armour         | 4 5 |  5.7
Axes           | 3 4 5 |  5.1
Shields        | 4 |  4.8
Invocations    | |  0.9

Action                     |  1- 3 |  4- 6 || total
---------------------------+-------+-------++-------
  Melee: War axe           |    62 |   130 ||   192
         Headbutt          |     4 |    16 ||    20
    Use: Scroll            |       |     7 ||     7
         Potion            |       |     4 ||     4
 Armour: Scale mail        |    29 |    67 ||    96
  Dodge: Dodged            |    28 |    59 ||    87
  Block: Buckler           |    18 |    29 ||    47
